[Event "ETCC Open 2023"]
[Site "Budva"]
[Date "2023.11.11"]
[Round "1.20"]
[White "Donchenko, Alexander"]
[Black "Kucuksari, Kaan"]
[Result "1-0"]
[ECO "E97"]
[WhiteElo "2664"]
[BlackElo "2474"]
[Annotator "TA"]
[PlyCount "165"]
[EventDate "2023.11.10"]
[EventType "team-tourn"]
[EventCountry "MNE"]
[SourceTitle "playchess.com"]
[Source "ChessBase"]
[SourceQuality "1"]
[WhiteTeam "Germany"]
[BlackTeam "Sweden"]
[WhiteTeamCountry "GER"]
[BlackTeamCountry "SWE"]
[TimeControl "40/5400+30:1800+30"]

1. d4 Nf6 2. c4 g6 3. Nc3 Bg7 4. e4 d6 5. Be2 O-O 6. Nf3 e5 7. O-O Nc6 8. d5 Ne7 9. b4 a5 10. bxa5 Rxa5 11. a4 Ra8 {[%emt 0:00:08] Recently 11...Ne8 got a lot of attention. E97: King's Indian: Classical Main Line (6...e5 7 0-0 Nc6): 8 Be3 and 8 d5 Ne7, not 9 Ne1.} 12. Nd2 h6 {[%emt 0:00:09] [#]} 13. Re1 $146 ({Predecessor:} 13. Ra3 Ne8 14. f3 b6 15. Qc2 f5 16. Nb3 Bd7 17. Qa2 Kh7 18. Be3 fxe4 19. fxe4 Rxf1+ 20. Bxf1 {½-½ Vaughan,J (2205)-Vlasov,A (2245) W-ch WS/M/785 email 2020}) 13... Kh8 {[%emt 0:12:52] White is slightly better.} 14. Ba3 c5 15. dxc6 bxc6 16. Nf1 c5 17. Nb5 Ra6 (17... Nxe4 18. Bf3 $16) 18. Qd3 Bb7 19. Bf3 $36 {[%emt 0:03:16][%mdl 2048] Strongly threatening Red1. White has the initiative.} Nf5 20. Rab1 $16 Nh4 21. Bd1 Nxe4 ({Better is} 21... Nh5 $14 22. Bxh5 (22. g3 f5 $14) 22... gxh5) 22. Rxe4 Nxg2 23. Kxg2 f5 {[%emt 0:01:57] [#]} (23... Bxe4+ $2 24. Qxe4 f5 25. Qd5 $18) 24. Nc3 fxe4 25. Nxe4 ({Weaker is} 25. Qg3 Ra7 $11) 25... Bc6 26. f3 Bxa4 27. Bxa4 Rxa4 28. Nxd6 Kh7 {[%emt 0:18:08][%cal Oe5e4] Black is weak on the light squares} 29. Rb3 $1 {[%emt 0:02:12] White is more active.} e4 30. Nxe4 (30. Qxe4 $2 {too greedy.} Qxd6 31. h4 h5 $19) 30... Qxd3 31. Rxd3 Rxc4 32. Bxc5 Rc2+ 33. Bf2 Rf7 (33... Rcc8 $16 {was called for.} 34. Ne3 Rcd8) 34. Ne3 $18 Ra2 35. Ng4 Ra8 36. Bg3 Ra2+ 37. Kh3 Ra5 38. Be1 Ra1 39. Bf2 Ra2 40. Kg3 $1 Ra5 41. Be1 Ra1 42. Bd2 Rg1+ 43. Kh3 Rf5 44. Ng3 {[%emt 0:00:00] Prevents Rh5+.} Rf7 45. Ne2 Rd1 (45... Rb1 $14) 46. Nf2 Ra1 47. Ne4 Ra2 48. Kg2 Ra8 49. Nf4 Be5 50. Nd5 Ra4 51. Be3 Ra2+ 52. Bf2 Kg7 {[%emt 0:00:00] [#]} (52... g5 $142) 53. Nb4 $1 $16 Ra8 54. Nc6 Ba1 55. Nd8 Rf5 56. Rd7+ Kg8 57. Rd6 Be5 58. Rxg6+ Kh7 {[%emt 0:00:18] [#]} 59. Nc6 $1 Kxg6 60. Ne7+ {[%emt 0:00:00][%mdl 64] Deflection, Double Attack. A dynamic duo of knights.} Kh7 61. Nxf5 Rf8 (61... Ra2 $142 62. Kh3 Ra5) 62. Nh4 Ra8 (62... Bc7 $142 63. Bg3 Bd8) 63. Bg3 $18 Bb2 64. Kh3 Ra5 65. Bf4 Bg7 (65... Kg7 {might work better.} 66. Be3 Ba1) 66. Kg4 Rd5 $2 (66... h5+ {is a better chance.} 67. Kg3 Rd5) 67. Ng3 Bf8 68. Be3 Re5 69. Ng2 {[%emt 0:01:38] h4 would be deadly.} Rb5 70. h4 Rb2 $2 (70... Bd6 71. f4 Kg8) 71. Nf4 Rb3 72. Nf5 Ra3 (72... Ba3 $142 73. h5 Rb5) 73. h5 {[%emt 0:00:24] Hoping for Ne6.} Ra4 74. Bd4 {[%emt 0:00:44] Dodges Bg7} Ra6 (74... Rc4 $142 75. Ne6 Bb4) 75. Nd5 {[%emt 0:00:44] White is clearly winning.} Kg8 76. Nf6+ Kf7 77. Nd7 {[%emt 0:00:07] Black must now prevent Nxf8.} Ba3 78. Ne5+ Kg8 79. Be3 Bf8 80. Ng6 Ra4+ 81. Bf4 {[%emt 0:00:18] Threatens to win with Nxf8.} Bg7 {[%emt 0:00:17] Repels Nxf8} (81... Ba3 $142 82. Nxh6+ Kh7) 82. Nge7+ Kf7 83. Nxg7 {[%emt 0:00:06] Weighted Error Value: White=0.09 (flawless) /Black=0.13 (very precise)} 1-0

[Event "ETCC Open 2023"]
[Site "Budva"]
[Date "2023.11.11"]
[Round "1.21"]
[White "Vitiugov, Nikita"]
[Black "Mchedlishvili, Mikheil"]
[Result "1/2-1/2"]
[ECO "D35"]
[WhiteElo "2712"]
[BlackElo "2564"]
[Annotator "TA"]
[PlyCount "60"]
[EventDate "2023.11.10"]
[EventType "team-tourn"]
[EventCountry "MNE"]
[SourceTitle "playchess.com"]
[Source "ChessBase"]
[SourceQuality "1"]
[WhiteTeam "England"]
[BlackTeam "Georgia"]
[WhiteTeamCountry "ENG"]
[BlackTeamCountry "GEO"]
[TimeControl "40/5400+30:1800+30"]

1. d4 d5 2. c4 e6 3. Nc3 Nf6 4. cxd5 Nxd5 5. e4 Nxc3 6. bxc3 c5 7. Rb1 Be7 {[%emt 0:00:56] D35: Queen's Gambit Declined: Exchange Variation.} 8. Nf3 O-O 9. h4 $1 {[%emt 0:01:21][%mdl 4] is now more promising than 9.Bc4.} b6 10. h5 h6 11. Rh3 Bb7 12. Bd3 (12. Rg3 $5 Kh8 13. Bd3 $11) 12... cxd4 13. cxd4 Nc6 {[%emt 0:07:08] [#]} (13... Nd7 $11 {keeps the balance.}) 14. Rg3 $1 $16 Kh8 {[%emt 0:01:13] [#]} (14... Nxd4 $2 15. Bxh6 Bf6 16. Bxg7 Bxg7 17. h6 Nxf3+ 18. Qxf3 $18 (18. gxf3 Qd4 $18)) 15. Kf1 $146 {[%emt 0:05:42][%cal Od4d5] White is more active.} ({Predecessor:} 15. Bb2 Nb4 16. d5 Bf6 17. Be2 Bxb2 18. Rxb2 Na6 19. Qd4 Rg8 20. Ne5 Qf6 21. Rf3 Qh4 22. Nxf7+ Kh7 23. Bd3 e5 24. Qxe5 Rgf8 25. Qf5+ Kg8 26. e5 {1-0 Sarana,A (2693)-Mendonca,L (2622) AI Cup Play In rapid 2023 (4)}) 15... Rc8 ({Less strong is} 15... Nxd4 16. Nxd4 Bh4 17. Qg4 Bxg3 18. Qxg3 $16) 16. Be3 {[%emt 0:04:01] Black must now prevent Qd2.} Re8 17. Kg1 Bf8 (17... Bd6 $5 ) 18. Bb5 Re7 19. d5 (19. Qd2 $14) 19... exd5 $11 20. exd5 ({Don't play} 20. Qxd5 Ne5 21. Qxd8 Rxd8 $17) 20... Ne5 21. Nxe5 $1 Rxe5 22. Qg4 $1 Rxd5 {[%emt 0:25:52] Hoping for ...f5.} (22... Qxd5 $2 23. Bxh6 g5 24. Bxg5 Rxg5 25. Qxg5 $18) 23. Bxh6 $1 {[%emt 0:02:29][%mdl 64] Back Rank} Qf6 24. Bg5 Qd4 (24... Qe5 $15 25. Bd3 Rd4) 25. Qxd4 {[%emt 0:02:58] The position is equal.} Rxd4 {[%emt 0:00:02] [#]} 26. h6 $1 Be4 $132 {[%emt 0:02:21][%mdl 2048] Black is not keeping still} (26... gxh6 $2 27. Bf6+ Kh7 28. Bxd4 $18) 27. Re1 Bg6 28. hxg7+ Bxg7 29. a4 Kg8 30. Be3 Re4 {[%emt 0:00:29] Weighted Error Value: White=0.09 (flawless) /Black=0.13 (very precise)} 1/2-1/2

[Event "ETCC Open 2023"]
[Site "Budva"]
[Date "2023.11.11"]
[Round "1.22"]
[White "Jobava, Baadur"]
[Black "Howell, David W L"]
[Result "1/2-1/2"]
[ECO "B14"]
[WhiteElo "2568"]
[BlackElo "2676"]
[Annotator "TA"]
[PlyCount "72"]
[EventDate "2023.11.10"]
[EventType "team-tourn"]
[EventCountry "MNE"]
[SourceTitle "playchess.com"]
[Source "ChessBase"]
[SourceQuality "1"]
[WhiteTeam "Georgia"]
[BlackTeam "England"]
[WhiteTeamCountry "GEO"]
[BlackTeamCountry "ENG"]
[TimeControl "40/5400+30:1800+30"]

1. e4 c6 2. c4 d5 3. exd5 Nf6 4. Nc3 cxd5 5. d4 g6 6. c5 Bg7 7. Bb5+ {[%emt 0:01:04] B14: Caro-Kann: Panov-Botvinnik Attack with 5...e6 and 5...g6.} Bd7 8. Bxd7+ Qxd7 9. Bf4 {[%emt 0:10:24] The position is equal.} Nc6 10. Nf3 Ne4 11. Ne2 O-O 12. O-O {[%emt 0:03:04] [#]} b6 $146 ({Predecessor:} 12... Rad8 13. Rb1 f6 14. b4 a6 15. a4 e5 16. Be3 Rc8 17. Qc2 a5 18. bxa5 exd4 19. Nfxd4 Nxa5 {0-1 Veronelli,F (1500)-Pescatore,R (1000) SEMI B025 email 2001}) 13. cxb6 Qb7 14. bxa7 Qxb2 15. Qc1 (15. Ne5 $11 Nxe5 16. dxe5) 15... Qb6 16. Bh6 Rfc8 (16... Rxa7 {simplifies} 17. Bxg7 Kxg7 18. Nc3 Rc8) 17. Bxg7 Kxg7 18. Qe3 Qxa7 19. a3 {[%emt 0:03:21] Prevents Nb4.} Na5 20. Ne5 Nc4 21. Nxc4 Rxc4 22. f3 Nd6 {[%emt 0:03:43] ...Rc2 is the strong threat.} (22... Nf6 $5 ) 23. Qe5+ Kg8 24. Qxd5 Rc2 25. Rfe1 Rb8 $36 {[%emt 0:01:10][%mdl 2048] Black is pushing.} 26. Ra2 $2 (26. Rac1 $15 Rxc1 27. Rxc1) 26... e6 $19 27. Qxd6 Rxa2 28. Nc3 Rd2 (28... Rxa3 $2 29. Ne4 $19) 29. Kh1 Rbb2 (29... Qxd4 30. Qxb8+ Kg7 31. Qb3 $18) (29... Rxd4 $2 {too greedy.} 30. Qe5 Rdd8 31. Ne4 $19) 30. Ne4 Qxd4 ({Weaker is} 30... Rxg2 31. Qd8+ Kg7 32. Qf6+ Kh6 33. Qh4+ Kg7 34. Qf6+ Kh6 35. Qh4+ Kg7 36. Qf6+ $11) 31. Qe7 {[%emt 0:00:32] [#]} (31. Qxd4 $19 Rxd4 32. h3) 31... Rd1 32. Nf6+ Kg7 33. Ne8+ Kg8 $2 (33... Kh6 34. Qf8+ Kg5 35. Qe7+ f6 36. Qc5+ Qxc5 37. Rxd1 Qc2 38. Rg1 Rb1 39. h3 Rxg1+ 40. Kxg1 Qb1+ 41. Kf2 Qb2+ 42. Ke3 Qb6+ 43. Kd3 Qb5+ 44. Kd4 Qxe8 45. Kc3 Qb5 46. Kd4 Qb2+ 47. Kd3 Qxa3+ 48. Kc4 e5 49. Kd5 Qa2+ 50. Kc5 Qxg2 51. Kc6 Qxf3+ 52. Kc5 e4 53. Kc6 Qxh3 54. Kb7 e3 55. Kc7 Qe6 56. Kb8 e2 57. Kb7 e1=Q 58. Ka8 Qc8+ 59. Ka7 Qg1#) 34. Nf6+ $17 Kg7 $2 (34... Qxf6 $17 35. Qe8+ Kg7 36. Rxd1 Qd4) 35. Ne8+ Kg8 $2 (35... Kh6 {mates} 36. Qf8+ Kg5 37. Qc5+ Qxc5 38. Rxd1 Qc2 39. Rg1 Qc6 40. h4+ Kf5 41. Rd1 Qxe8 42. Rd4 Qb5 43. Rg4 Rb1+ 44. Kh2 Qb8+ 45. Rg3 h5 46. f4 Qxf4 47. a4 g5 48. a5 gxh4 {[%mdl 64] Pin} 49. Kh3 Qxg3#) 36. Nf6+ {[%emt 0:00:49] [#]} Kg7 {[%emt 0:00:00] Weighted Error Value: White=0.48/Black=0.46} (36... Qxf6 $1 $17 37. Qe8+ Kg7 38. Rxd1 Qd4) 1/2-1/2

[Event "ETCC Open 2023"]
[Site "Budva"]
[Date "2023.11.11"]
[Round "1.23"]
[White "McShane, Luke J"]
[Black "Kacharava, Nikolozi"]
[Result "1-0"]
[ECO "B44"]
[WhiteElo "2626"]
[BlackElo "2519"]
[Annotator "TA"]
[PlyCount "157"]
[EventDate "2023.11.10"]
[EventType "team-tourn"]
[EventCountry "MNE"]
[SourceTitle "playchess.com"]
[Source "ChessBase"]
[SourceQuality "1"]
[WhiteTeam "England"]
[BlackTeam "Georgia"]
[WhiteTeamCountry "ENG"]
[BlackTeamCountry "GEO"]
[TimeControl "40/5400+30:1800+30"]

1. e4 c5 2. Nf3 e6 3. d4 cxd4 4. Nxd4 Nc6 5. Nb5 d6 6. c4 Nf6 7. N1c3 a6 8. Nd4 Be7 9. Be2 O-O 10. O-O d5 {[%emt 0:08:27] B44: Sicilian: Taimanov: 5 Nb5.} 11. cxd5 exd5 12. Nxc6 bxc6 {[%emt 0:00:04] The position is equal.} 13. exd5 Nxd5 14. Nxd5 cxd5 15. Be3 Bf6 16. Bd4 Rb8 17. b3 Re8 {[%emt 0:03:31] ...Bxd4 would be deadly.} 18. Bf3 (18. Bh5 {with more complications.} Bf5 19. Rc1 Bxd4 20. Qxd4 Qa5 21. Rc5) 18... Be6 {[%emt 0:02:43] [#]} 19. Qd2 $146 ({Predecessor:} 19. Rc1 a5 20. Bxf6 Qxf6 21. Rc5 a4 22. bxa4 Qb2 23. Rc2 Qa3 24. Rd2 Ra8 25. Bxd5 Bxd5 26. Rxd5 Qxa4 27. Qxa4 Rxa4 {½-½ Malakhov,V (2675)-Potkin,V (2613) RUS Cup final 2008 (2.2)}) 19... Bxd4 20. Qxd4 Qd6 21. Rfc1 Rec8 22. h3 h6 23. Rxc8+ Rxc8 24. Rd1 Qa3 25. Rd2 Qc1+ 26. Rd1 Qa3 27. Qd2 a5 28. Kh2 Qd6+ 29. g3 Rc5 30. Qb2 Qb6 31. Rd2 Qb4 32. h4 (32. a3 $5 Qb6 33. Kg2 $11) 32... Qb5 33. Kg2 Qc6 34. Qd4 Rc2 35. a3 {[%emt 0:00:56] Hoping for Rxc2.} (35. Bxd5 $2 Rxd2 36. Qxd2 Bxd5+ $19) 35... Qc3 (35... Rc5 $11 {keeps the balance.}) 36. Qxc3 $16 Rxc3 37. Bxd5 Bxd5+ 38. Rxd5 Rxb3 39. Rxa5 {[%emt 0:00:04][%mdl 4096] Endgame KR-KR} h5 40. a4 Ra3 41. Ra8+ Kh7 42. a5 g6 43. Kf1 Ra2 44. a6 Kg7 45. Kg2 Ra3 46. Kf1 Ra2 $1 47. Ke1 Kf6 48. f3 Ra3 49. Ke2 Kg7 50. Kf2 Kf6 51. g4 (51. a7 $18) 51... hxg4 $2 (51... Ke6 $16 52. a7 Ke7) 52. fxg4 $18 Ra4 53. g5+ ({Better is} 53. a7 $18) 53... Kf5 $11 54. a7 $2 (54. Ke2 $11 Rxh4 55. Rf8) 54... Rf4+ $18 55. Kg2 $1 {[%emt 0:01:03] White wants to mate with Re8.} Rg4+ 56. Kh3 {[%emt 0:00:09] Intending Re8 and mate.} Ra4 {[%emt 0:00:25] [#]} 57. h5 $2 (57. Kg3 $1 $18 ) 57... Ra3+ $2 (57... Kxg5 $11 58. Kg2 f5) 58. Kh2 (58. Kg2 $142 Ra2+ 59. Kf3 gxh5 60. g6 Ra3+ 61. Kf2 Ra2+ 62. Ke3 Ra3+ 63. Kd2 Ra2+ 64. Kd3 Ra3+ 65. Kc2) 58... Ra2+ 59. Kh1 $2 (59. Kg3 {mates} gxh5 60. g6 (60. Kh4 Kf4 $17) 60... Ra3+ 61. Kf2 Ra2+ 62. Ke1 Ra1+ 63. Kd2 fxg6 64. Rf8+ Ke4 65. a8=Q+ (65. a8=B+ Ke5 $11) 65... Rxa8 66. Rxa8) 59... Ra1+ $2 (59... gxh5 60. g6 Ra1+ 61. Kg2 Ra2+ 62. Kf3 Ra3+ 63. Ke2 Ra2+ 64. Kd1 $18) (59... Kg4 $11 60. Rc8 (60. h6 $2 {gets mated.} Kg3 61. Re8 Ra1+) 60... Rxa7) 60. Kg2 Ra2+ 61. Kg1 (61. Kf1 $142 Ra1+ 62. Kf2 gxh5 63. g6 Ra2+ 64. Ke3 Kf6 65. gxf7 Kxf7 66. Rh8 Ra3+ 67. Kf2 Ra2+ 68. Kg3) 61... Ra1+ 62. Kf2 Ra2+ 63. Kf1 Ra1+ 64. Ke2 $1 Ra2+ 65. Ke1 Ra1+ {[%emt 0:01:07] [#]} 66. Kd2 $1 Ra2+ 67. Kd1 Ra1+ {[%emt 0:00:23] [#]} 68. Kc2 $1 {[%emt 0:00:06] h6 would kill now.} gxh5 {[%emt 0:00:39] [#]} 69. g6 $1 {[%emt 0:00:09][%mdl 512] White mates.} fxg6 70. Rf8+ Kg4 71. a8=Q ({Not} 71. a8=B h4 $11) 71... Rxa8 72. Rxa8 {[%emt 0:00:06] KR-KPP} Kf3 73. Kd2 Kf2 74. Rh8 g5 75. Rxh5 g4 76. Rf5+ Kg2 77. Ke2 g3 78. Rg5 Kh2 79. Kf3 {[%emt 0:00:06] Weighted Error Value: White=0.35/Black=0.46} 1-0

[Event "ETCC Open 2023"]
[Site "Budva"]
[Date "2023.11.11"]
[Round "1.24"]
[White "Quparadze, Giga"]
[Black "Haria, Ravi"]
[Result "1/2-1/2"]
[ECO "C60"]
[WhiteElo "2490"]
[BlackElo "2508"]
[Annotator "RC"]
[PlyCount "77"]
[EventDate "2023.11.10"]
[EventType "team-tourn"]
[EventCountry "MNE"]
[SourceTitle "playchess.com"]
[Source "ChessBase"]
[SourceQuality "1"]
[WhiteTeam "Georgia"]
[BlackTeam "England"]
[WhiteTeamCountry "GEO"]
[BlackTeamCountry "ENG"]
[TimeControl "40/5400+30:1800+30"]

1. e4 e5 2. Nf3 Nc6 3. Bb5 a6 4. Ba4 Nf6 5. O-O d6 6. Re1 Bd7 7. c3 g6 8. d4 Bg7 9. h3 O-O 10. Nbd2 exd4 11. cxd4 Nb4 12. Bxd7 Qxd7 13. Nf1 c5 14. a3 Nc6 15. d5 Nd4 16. Nxd4 cxd4 17. Qxd4 Rfe8 18. Qd3 Qb5 19. Qxb5 axb5 20. Ng3 Nxd5 21. Rb1 Nb6 22. Rd1 d5 23. exd5 Rad8 24. d6 Nc4 25. Bf4 Bxb2 26. Rd5 Rd7 27. Rxb5 Bxa3 28. Rd1 f5 29. Rd4 Rc8 30. Rb3 Bb2 31. Rd5 Bf6 32. Nf1 Kf7 33. Rdb5 g5 34. Rxb7 Rxb7 35. Rxb7+ Ke6 36. Bh2 f4 37. d7 Rd8 38. h4 Rxd7 39. Rxd7 1/2-1/2

[Event "ETCC Open 2023"]
[Site "Budva"]
[Date "2023.11.11"]
[Round "1.25"]
[White "Anton Guijarro, David"]
[Black "Laurusas, Tomas"]
[Result "1/2-1/2"]
[ECO "C42"]
[WhiteElo "2668"]
[BlackElo "2566"]
[Annotator "TA"]
[PlyCount "96"]
[EventDate "2023.11.10"]
[EventType "team-tourn"]
[EventCountry "MNE"]
[SourceTitle "playchess.com"]
[Source "ChessBase"]
[SourceQuality "1"]
[WhiteTeam "Spain"]
[BlackTeam "Lithuania"]
[WhiteTeamCountry "ESP"]
[BlackTeamCountry "LTU"]
[TimeControl "40/5400+30:1800+30"]

1. e4 e5 2. Nf3 Nf6 3. Nxe5 d6 4. Nf3 Nxe4 5. d4 d5 6. Bd3 Nc6 7. O-O Be7 8. Nbd2 Bf5 9. Re1 Nxd2 10. Qxd2 Bxd3 11. Qxd3 O-O 12. c3 Qd7 13. Bf4 a6 14. Re2 {[%emt 0:00:49] C42: Petroff Defence: 3 Nxe5 and unusual White 3rd moves.} Rae8 15. Rae1 Bd8 16. h4 {[%emt 0:02:53] White is slightly better.} Rxe2 17. Rxe2 h6 {[%emt 0:12:16] [#]} 18. Qe3 $146 ({Predecessor:} 18. Bg3 Bf6 19. h5 Nd8 20. Bh4 Ne6 21. g3 Bxh4 22. Nxh4 Re8 23. Qf3 c6 24. Qg4 {½-½ Necchi,S (2328)-Brorens,D (2309) WS MN/B/02 email 2019}) 18... Qf5 19. Bg3 f6 (19... Qb1+ $11 20. Ne1 Qxa2) 20. Ne1 $14 b6 21. b4 g5 22. a4 Kg7 23. Kf1 (23. Nc2 $16) 23... Na7 24. Qd2 Nc8 25. Qd3 Qxd3 26. Nxd3 Kf7 27. Ra2 gxh4 28. Bxh4 Nd6 29. a5 bxa5 30. Rxa5 Nb5 31. Rxa6 {[%emt 0:00:15] Nf4 would be deadly.} Nxc3 32. Rc6 (32. Bg3 $5) 32... Nb5 {[%emt 0:00:12] The position is equal.} 33. Rc5 Nxd4 34. Rxd5 Ne6 35. f4 Be7 36. f5 Ng7 37. g4 Rd8 38. Rxd8 Bxd8 $11 {[%emt 0:00:05][%mdl 4096] Endgame KBN-KBN} 39. Ke2 h5 40. Kf3 hxg4+ 41. Kxg4 c6 42. Bf2 Ne8 43. Bc5 Be7 44. Nf4 Nc7 45. Kf3 Na6 46. Nd3 Nc7 47. Nf4 Na6 48. Nd3 Nc7 {[%emt 0:00:00] Weighted Error Value: White=0.10 (very precise) /Black=0.06 (flawless)} 1/2-1/2

[Event "ETCC Open 2023"]
[Site "Budva"]
[Date "2023.11.11"]
[Round "1.26"]
[White "Kazakouski, Valery"]
[Black "Santos Latasa, Jaime"]
[Result "1/2-1/2"]
[ECO "C82"]
[WhiteElo "2577"]
[BlackElo "2635"]
[Annotator "TA"]
[PlyCount "120"]
[EventDate "2023.11.10"]
[EventType "team-tourn"]
[EventCountry "MNE"]
[SourceTitle "playchess.com"]
[Source "ChessBase"]
[SourceQuality "1"]
[WhiteTeam "Lithuania"]
[BlackTeam "Spain"]
[WhiteTeamCountry "LTU"]
[BlackTeamCountry "ESP"]
[TimeControl "40/5400+30:1800+30"]

1. e4 e5 2. Nf3 Nc6 3. Bb5 a6 4. Ba4 Nf6 5. O-O Nxe4 6. d4 b5 7. Bb3 d5 8. dxe5 Be6 9. c3 Bc5 10. Nbd2 O-O 11. Bc2 {[%emt 0:00:17] C82: Open Ruy Lopez: 9 c3 without 9...Be7.} Nxf2 12. Rxf2 Bxf2+ 13. Kxf2 f6 14. Nf1 $1 {[%emt 0:00:24][%mdl 4] is more profitable than 14.exf6 at the moment.} fxe5 {[%emt 0:00:10] Strongly threatening ...e4.} 15. Kg1 Bg4 16. Ne3 Be6 17. b3 d4 18. cxd4 (18. Qd3 $5 g6 $8 19. cxd4 Nxd4 20. Nxe5 $11) 18... Nxd4 19. Be4 (19. Nxd4 {simplifies} Qxd4 20. Rb1 Qxd1+ 21. Bxd1 c5 22. Be2) 19... Rc8 {[%emt 0:01:49] [#]} 20. Nc2 $146 (20. Nxe5 $5 Qf6 21. Bb2 (21. Qxd4 Qf2+ 22. Kh1 Qe1+) (21. N3g4 $2 Bxg4 22. Nxg4 Ne2+ {[%mdl 64] Discovered Attack} 23. Qxe2 Qxa1 $19) 21... Qf2+ 22. Kh1 Qxb2 23. Rb1 Qxa2 24. Qxd4 $11) ({Predecessor:} 20. Bb2 Rf4 21. Bb7 Rb8 22. g3 Rf8 23. Bxd4 exd4 24. Nxd4 {1-0 Kuybokarov,T (2584)-Kushagra,M (2412) Qatar Masters op 2023 (2)}) 20... Bd5 21. Bxd5+ (21. Nxe5 $2 Bxe4 22. Qxd4 Bxc2 $19) (21. Bxh7+ {looks sharper.} Kxh7 22. Ncxd4 exd4 23. Ng5+) 21... Qxd5 22. Ncxd4 c5 $1 {[%emt 0:01:28][%mdl 64] Pin} 23. Ba3 (23. Qd3 $15) 23... exd4 24. Rc1 (24. b4 $17 {keeps fighting.}) 24... Rfe8 $19 25. Qd2 h6 26. Bb2 Rc6 27. h3 (27. Rf1 $142) 27... Rce6 {[%emt 0:02:08] ...Re2 would be deadly.} 28. Rc2 $2 (28. Re1) 28... d3 (28... Qd6 $142 29. Bxd4 Re2 30. Qxe2 Rxe2 31. Rxe2 cxd4) 29. Qc3 Rg6 (29... dxc2 $2 30. Qxg7#) 30. Rf2 b4 31. Qc1 Rge6 32. Qf4 Re2 {[%emt 0:00:29] White must now prevent ...Rxf2.} 33. Qg3 Qd7 34. Bc1 Rxf2 35. Qxf2 Qd5 (35... Re2 $6 36. Qxc5 Rc2 37. Qe3 $11) 36. Qg3 Kh7 37. Bd2 (37. Kh2 $17) 37... Re2 38. Qf4 (38. Kh1 {was called for.}) 38... Qe4 {[%emt 0:00:51] aiming for ...Qxf4.} 39. Qf8 {[%emt 0:00:48] Prevents Qxf4.} Qd5 40. Qf4 $1 Re4 41. Qc7 Re6 {[%emt 0:01:19] Prevents Qb6.} 42. Kf2 (42. Qb8 $142) 42... Re2+ 43. Kg1 Qf5 44. Qd8 Qg6 45. g4 Re8 {[%emt 0:02:19] Dodges Kf1} (45... a5 $19 {[%cal Oa5a4] has better winning chances. Hoping for ...a4!} 46. Kf1 a4) 46. Qd7 $17 Qe4 47. Qf7 Re7 48. Qf8 Qe6 $36 {[%emt 0:00:46][%mdl 2048] Black has the initiative.} 49. Kg2 $1 {[%emt 0:01:33] [#]} Rc7 (49... Rf7 50. Qxc5 Rxf3 51. Kxf3 $11) ({Black should try} 49... Qd6 $1 $17 {( -> ...Re2+)} 50. Be3 Qe6) 50. Kg3 (50. g5 $11) 50... Qd5 $1 $15 ({Of course not} 50... Rf7 51. Qxc5 Rxf3+ 52. Kxf3 $11) 51. Qe8 (51. Bf4 $1 $15 Rf7 52. Qd6 Qxd6 53. Bxd6) 51... Rf7 $19 52. Ne5 Rf6 53. g5 {[%emt 0:00:53] [#]} hxg5 54. Bxg5 Rf1 {[%emt 0:02:51] And now ...Rg1+ would win.} 55. Bf4 $2 (55. Qg6+ $19 Kg8 56. Ng4 (56. Qe8+ $2 Rf8 $19)) 55... Rg1+ {[%emt 0:09:32] The position is equal.} (55... Qe4 $5 56. Qh5+ $8 Kg8 57. Qe8+ Kh7 58. Qh5+ Kg8 59. Qe8+ Kh7 $11) 56. Kh4 g5+ 57. Bxg5 {[%emt 0:00:02] Threatening mate with Qg6+.} Qe4+ 58. Kh5 Qe2+ 59. Kh4 {[%emt 0:00:12] Intending Qg6+ and mate.} Qe1+ (59... Qxa2 $2 {leads to mate.} 60. Qg6+ Kh8 61. Nf7#) (59... Rg4+ $2 60. Nxg4 Qxe8 61. Nf6+ Kg7 62. Nxe8+ $18) 60. Kh5 {[%emt 0:00:08] White threatens Qg6+ and mate. Really sharp!} Qe2+ {[%emt 0:27:44] An exciting game.   Weighted Error Value: White=0.30/Black=0.26 (precise)} 1/2-1/2

[Event "ETCC Open 2023"]
[Site "Budva"]
[Date "2023.11.11"]
[Round "1.27"]
[White "Shirov, Alexei"]
[Black "Pultinevicius, Paulius"]
[Result "1-0"]
[ECO "B12"]
[WhiteElo "2668"]
[BlackElo "2589"]
[Annotator "TA"]
[PlyCount "67"]
[EventDate "2023.11.10"]
[EventType "team-tourn"]
[EventCountry "MNE"]
[SourceTitle "playchess.com"]
[Source "ChessBase"]
[SourceQuality "1"]
[WhiteTeam "Spain"]
[BlackTeam "Lithuania"]
[WhiteTeamCountry "ESP"]
[BlackTeamCountry "LTU"]
[TimeControl "40/5400+30:1800+30"]

1. e4 c6 2. d4 d5 3. e5 Bf5 4. h4 h5 5. Bd3 Bxd3 6. Qxd3 {[%emt 0:00:07][%cal Oe5e6] B12: Caro-Kann: Advance Variation.} Qa5+ 7. Nd2 e6 $1 8. Ngf3 {[%emt 0:00:08] The position is equal.} Nh6 9. O-O Nf5 10. Nb3 Qa6 11. Qd1 b6 12. a4 $5 {[%emt 0:00:17][%mdl 4] A promising side line.} (12. Bg5 c5 13. dxc5 Bxc5 14. c3 Nc6 15. Re1 Rc8 16. Nxc5 bxc5 17. b3 Rc7 18. Qc2 O-O 19. Nh2 Qa5 {0-1 Shirov,A (2668)-Pultinevicius,P (2525) Casablanca Mohammed op 4th 2023 (7)}) 12... c5 13. a5 {[%emt 0:01:17] [#]} c4 $146 ({Predecessor:} 13... Nc6 14. axb6 Qxb6 15. dxc5 Bxc5 16. Nxc5 Qxc5 17. c3 O-O 18. Ra4 g6 19. Re1 Rfc8 {1-0 Smith,O (2042)-Larkin,B (1850) South Wales  op 18th 2023 (7)}) 14. axb6 Qxb6 15. Nbd2 Be7 16. b3 c3 (16... cxb3 $11 17. Nxb3 a5) 17. Nb1 $14 Nc6 18. Be3 Rc8 19. Nxc3 {[%emt 0:01:34] Black is on the road to losing.} Nxh4 20. Nxh4 Bxh4 21. Ne2 Qb7 {[%emt 0:03:41] [#]} (21... Qd8 $142) 22. c4 $1 $16 Rd8 23. Nf4 {[%emt 0:06:45][%mdl 64] cxd5 would be deadly. Discovered Attack} dxc4 (23... Nb4 $16 24. Nxh5 Rh7) 24. bxc4 $18 {[%emt 0:00:14][%cal Bb3c4,Bc4c5,Bc5c6,Bc6c7][%mdl 32] Black must now prevent d5.} (24. Nxh5 g6 25. Nf4 (25. Ng7+ Kf8 $17) 25... cxb3 $11) 24... Nxe5 25. Qa4+ (25. Nxh5 Nxc4 26. Qe2 Rh7 $15) 25... Nd7 26. c5 {[%emt 0:03:24] d5 is the strong threat.} (26. Qxa7 $6 Qe4 $16) 26... Qe4 {[%emt 0:02:11][%cal Oh4g3] Repels d5} 27. c6 (27. Qxa7 O-O $14) 27... Nb6 28. Qxa7 (28. Qb5 $6 O-O) 28... Nc8 (28... Qxc6 $2 29. Rfc1 (29. Ra6 Nc8 $16) 29... Qe4 30. Qxb6 $18) 29. Qc5 Be7 30. Qe5 Qh7 (30... Qxe5 31. dxe5 g5) 31. c7 {[%emt 0:01:24] Hoping for Qb5+.} Rd7 32. Ra8 O-O {[%emt 0:00:05] [#]} 33. Nxe6 $1 Re8 (33... Rxc7 34. Nxf8) 34. Qb5 {[%emt 0:00:26] Weighted Error Value: White=0.02 (flawless) /Black=0.38} 1-0